 Dungeon Crawl Stone Soup version 0.21-a0-517-gd76cfe0 (webtiles) character file.

225 slep the Chopper (level 5, 0/47 HPs)
             Began as a Minotaur Monk on Dec 4, 2017.
             Slain by a phantom (6 damage)
             ... on level 4 of the Dungeon.
             The game lasted 00:09:03 (2201 turns).

slep the Chopper (Minotaur Monk)                    Turns: 2201, Time: 00:09:03

Health: 0/47       AC: -2    Str: 16    XL:     5   Next: 68%
Magic:  4/4        EV: 14    Int:  7    God:
Gold:   128        SH:  0    Dex: 13    Spells: 4/4 levels left

rFire    + . .     SeeInvis .   a - +0 hand axe
rCold    . . .     Gourm    .   (no shield)
rNeg     . . .     Faith    .   e - +0 robe (curse)
rPois    .         Spirit   .   (helmet restricted)
rElec    .         Reflect  .   v - scarf {cloud immunity}
rCorr    .         Harm     .   (no gloves)
MR       .....                  (no boots)
Stlth    ++........             p - amulet of regeneration
HPRegen  0.55/turn              A - -4 ring of protection (curse)
MPRegen  0.09/turn              s - ring of protection from fire

@: no status effects
A: retaliatory headbutt, horns 2
a: no special abilities


You were on level 4 of the Dungeon.
You were very hungry.

You visited 1 branch of the dungeon, and saw 4 of its levels.

You collected 128 gold pieces.

Inventory:

Hand Weapons
 a - a +0 hand axe (weapon)
 t - a +0 blowgun
Missiles
 y - 14 poisoned needles
 D - a throwing net (quivered)
Armour
 b - a +0 robe
 e - a cursed +0 robe (worn)
 i - a +0 cloak
 v - a scarf of cloud immunity (worn)
Jewellery
 l - an uncursed ring of protection from cold
 p - an amulet of regeneration (around neck)
 s - a ring of protection from fire (right hand)
 z - an uncursed ring of flight
 A - a cursed -4 ring of protection (left hand)
 B - a +3 ring of protection
Scrolls
 d - 2 scrolls of magic mapping {unknown}
 j - 2 scrolls of teleportation {unknown}
 m - 8 scrolls of identify {unknown}
 o - a scroll of fear {unknown}
 q - a scroll of immolation {unknown}
 w - a scroll of random uselessness {unknown}
 x - a scroll of enchant armour {unknown}
Potions
 g - 2 potions of resistance {unknown}
 h - a potion of haste {unknown}
 n - 3 potions of agility {unknown}
 r - a potion of mutation {unknown}
 u - a potion of curing {unknown}
 C - a potion of ambrosia {unknown}
Comestibles
 c - 2 bread rations
 f - 4 royal jellies
 k - 2 meat rations


   Skills:
 + Level 4.5 Fighting
 + Level 5.8 Axes
 + Level 4.1 Dodging
 + Level 2.9 Stealth


You had 4 spell levels left.
You didn't know any spells.

Dungeon Overview and Level Annotations

Branches:
Dungeon (4/15)
 Temple: D:4-7

Altars:


Innate Abilities, Weirdness & Mutations

You reflexively headbutt those who attack you in melee.
You have a pair of horns on your head.


Message History

You hit the phantom. You headbutt the phantom.
The phantom is heavily damaged.
The howler monkey hoots and howls with incredible vigour!
The phantom hits you.
* * * LOW HITPOINT WARNING * * *
You hear an angry hiss. x2
You closely miss the phantom.
The phantom is heavily damaged.
You hit the howler monkey. The howler monkey closely misses you.
The phantom hits you.
* * * LOW HITPOINT WARNING * * *
You closely miss the phantom. You headbutt the phantom.
The phantom is heavily damaged.
You hit the howler monkey. The howler monkey barely misses you.
The phantom barely misses you.
You closely miss the phantom.
The phantom is heavily damaged.
You barely miss the howler monkey. The howler monkey barely misses you.
The phantom hits you.
You die...

#.................
#.####.###### #.. #.#
#.# #.# # #>#
#.########.###.### #.#
#.##.............. #.#
#..............## #.#
####.#####.###.# ..
..####.#####.###.#
...........))@h.#.###.#
##.###.#...)..Wl.......
#.#.######.#..##.#
#.#.# #.......... #.#.#
#.#.##.##$# #.#.# #.#..
.. . #.#.. . ... #.#
..# .. ..## # #. #..


You could see a phantom, a howler monkey and a leopard gecko.

Vanquished Creatures
  A howler monkey (D:4)
  Terence (D:3)
  An adder (D:3)
  4 gnolls
  4 oozes (D:1)
  3 worms
  A dart slug (D:2)
  An orc (D:3)
  A ball python (D:3)
  5 giant cockroaches
  7 goblins
  15 hobgoblins
  3 jackals (D:1)
  3 quokkas
  17 bats
  3 frilled lizards
  5 kobolds
  14 rats
89 creatures vanquished.

Notes
Turn   | Place    | Note
-------+----------+-------------------------------------------
     0 | D:1      | slep the Minotaur Monk began the quest for the Orb.
     0 | D:1      | Reached XP level 1. HP: 19/19 MP: 0/0
     3 | D:1      | Found a runed door.
    66 | D:1      | Reached XP level 2. HP: 22/27 MP: 1/1
    85 | D:1      | Reached skill level 4 in Axes
   380 | D:1      | Reached XP level 3. HP: 33/33 MP: 2/2
   894 | D:2      | Reached XP level 4. HP: 40/40 MP: 3/3
  1072 | D:2      | Found a faded altar of an unknown god.
  1211 | D:2      | Noticed an ogre
  1323 | D:3      | Reached skill level 5 in Axes
  2015 | D:3      | Noticed Terence
  2061 | D:3      | Killed Terence
  2061 | D:3      | Reached XP level 5. HP: 24/47 MP: 4/4
  2172 | D:4      | Noticed a phantom
  2201 | D:4      | Slain by a phantom

Vault maps used:
D:1:      dpeg_arrival_caged_fury, hex_intersection
D:2:      chequers_ecumenical_altar_lobes
D:3:      kennysheep_six_static_rooms, kennysheep_potato, uniq_terence
D:4:      amethyst_overflow_temple_binary, first_bread, uniq_blork_the_orc

Skill      XL: |  1  2  3  4 |
---------------+-------------+-----
Axes           | 4 5 |  5.8
Fighting       | 4 |  4.5
Stealth        | 2 |  2.9
Dodging        | 4 |  4.1

Action                   |  1- 3 |  4- 6 || total
-------------------------+-------+-------++-------
Melee: Hand axe          |    66 |   117 ||   183
       Headbutt          |    13 |    15 ||    28
 Stab: Sleeping          |     9 |     9 ||    18
  Eat: Chunk             |       |     3 ||     3
Armor: Robe              |     9 |    15 ||    24
Dodge: Dodged            |    41 |    84 ||   125

Table legend:
 A = Spawn XP
 B = Non-spawn XP
 C = Spawn XP percentage of total XP
 D = Spawn monster count
 E = Non-spawn monster count
 F = Spawn count percentage of total count
 G = Total turns spent on level
                    A         B        C        D         E        F      G
               +---------+---------+-------+---------+---------+-------+---------
         Total |       0 |     322 |   0.0 |       0 |      89 |   0.0 |  2201
               +---------+---------+-------+---------+---------+-------+---------
           D:1 |       0 |      96 |   0.0 |       0 |      41 |   0.0 |   890
           D:2 |       0 |      36 |   0.0 |       0 |      16 |   0.0 |   365
           D:3 |       0 |      93 |   0.0 |       0 |      28 |   0.0 |   834
           D:4 |       0 |      97 |   0.0 |       0 |       4 |   0.0 |   112
               +---------+---------+-------+---------+---------+-------+---------
